 Dungeon Crawl Stone Soup version 0.31.0-9-g3a7656b989 (webtiles) character file.

Game seed: 11765842194869479386

1549 SnakkuSnakku7 the Skirmisher (level 9, -3/58 HPs)
             Began as a Djinni Hunter on Jan 24, 2024.
             Slain by a hound (4 damage)
             ... on level 4 of the Dungeon.
             The game lasted 00:06:35 (4103 turns).

SnakkuSnakku7 the Skirmisher (Djinni Hunter)        Turns: 4103, Time: 00:06:36

Health: -3/58      AC:  7    Str: 12    XL:     9   Next: 12%
Gold:   245        EV: 13    Int: 13    God:
                   SH:  0    Dex: 28

rFire   + + .        a - +0 shortbow
rCold   x x .        (shield currently unavailable)
rNeg    . . .        c - +0 leather armour
rPois   ∞            (no helmet)
rElec   .            n - +0 cloak
rCorr   .            i - +2 pair of gloves "Roumposa" {rPois rC- Str+2 Int+3 SInv}
SInv    +            (boots unavailable)
Will    .....        (no amulet)
Stlth   ++           h - +6 ring of dexterity
HPRegen 0.29/turn    (no ring)
MPRegen 0.00/turn

%: infuse magic (-4 HP)
@: mighty, flying, invisible
A: sickness immunity, fire resistance 2, cold vulnerability 1, float, innate
caster, HP casting, extra vitality 1
a: no special abilities


You were on level 4 of the Dungeon.
You visited 1 branch of the dungeon, and saw 5 of its levels.

You collected 245 gold pieces.

Inventory:

Hand Weapons
 a - a +0 shortbow (weapon)
Missiles
 q - a throwing net
Armour
 c - a +0 leather armour (worn)
 i - the +2 pair of gloves "Roumposa" (worn) {rPois rC- Str+2 Int+3 SInv}
   (You found it on level 2 of the Dungeon)

   Str+2:     It affects your strength (+2).
   Int+3:     It affects your intelligence (+3).
   rC-:       It makes you vulnerable to cold.
   rPois:     It protects you from poison SInv: It lets you see invisible.
 m - a +0 kite shield
 n - a +0 cloak (worn)
Jewellery
 h - a +6 ring of dexterity (left hand)
Scrolls
 b - a scroll of butterflies
 k - 3 scrolls of identify {unknown}
 p - a scroll of teleportation {unknown}
 s - a scroll of immolation {unknown}
 t - a scroll of noise {unknown}
 u - a scroll of amnesia {unknown}
Potions
 d - a potion of cancellation
 e - a potion of might
 f - a potion of invisibility
 g - a potion of lignification {unknown}
 j - a potion of haste {unknown}
 l - 2 potions of brilliance {unknown}
 o - 2 potions of degeneration {unknown}
 r - a potion of attraction {unknown}
 v - a potion of curing {unknown}
 w - 2 potions of enlightenment {unknown}


   Skills:
 - Level 2.0 Fighting
 + Level 9.7 Ranged Weapons
 - Level 2.1 Dodging
 - Level 0.7 Stealth


You knew the following spells:

 Your Spells              Type           Power      Damage    Failure   Level
a - Freeze                Ice            0%         1d3       36%         1
b - Mercury Vapours       Alch/Air       0%         N/A       52%         2
c - Momentum Strike       Conj/Tloc      0%         3d8       52%         2
d - Tukima's Dance        Hex            0%         N/A       75%         3
Your spell library was empty.

Dungeon Overview and Level Annotations

Branches:
Dungeon (5/15)
 Temple: D:4-7

Altars:

Shops:
D:3 =   D:4 *   D:5 [

Annotations:
D:4 exclusion: 2 doors


Innate Abilities, Weirdness & Mutations

You are immune to sickness and miasma.
You are immune to poison.
Your flesh is very heat resistant. (rF++)
You are vulnerable to cold. (rC-)
You float through the air rather than walking.
You learn spells naturally, not from books.
Your magical power is your life essence.
You have superior vitality. (+4 MHP)


Message History

The hound pauses to sniff the ground.
The hound attacks as it pursues you! The hound barely misses you.
The hound attacks as it pursues you! The hound misses you.
The hound attacks as it pursues you! The hound bites you but does no damage.
The hound bites you. x2
There is a stone staircase leading up here.
The hound closely misses you. The hound barely misses you.
You fly upwards.
Level annotation: exclusion: 2 doors
There is a stone staircase leading down here.
Unknown command.
You shoot an arrow. The arrow closely misses the hound.
The hound bites you but does no damage. The hound bites you.
* * * LOW HITPOINT WARNING * * *
The hound closely misses you. The hound bites you but does no damage.
You shoot an arrow. The arrow closely misses the hound.
The hound bites you but does no damage. The hound bites you.
* * * LOW HITPOINT WARNING * * *
You shoot an arrow. The arrow misses the hound.
The hound bites you.
* * * LOW HITPOINT WARNING * * *
The hound bites you but does no damage. The hound bites you.
* * * LOW HITPOINT WARNING * * *
The hound bites you.
* * * LOW HITPOINT WARNING * * *
Unknown command.
You shoot an arrow. The arrow hits the hound.
The hound is lightly wounded.
The hound completely misses you. The hound bites you.
* * * LOW HITPOINT WARNING * * *
It was a potion of cancellation.
You feel magically purged. The hound closely misses you.
The hound bites you but does no damage. x2
It was a potion of might.
You feel very mighty all of a sudden. The hound bites you but does no damage.
The hound barely misses you. x2
It was a potion of invisibility.
You fade into invisibility!
The hound bites you but does no damage. The hound bites you.
* * * LOW HITPOINT WARNING * * *
The hound bites you.
You die...

..##.........#####.#
..##...............#
..########'#######.#
..# #..........##.#
### #..........##.#
######..........##.#
...........#######.#
###......#########.#
.........'.....h@#.#
###......#######h#.#
#......# #.#.####
########## #.#....#
...##########
#.####.#
...#........#
#......#
...#........#
#.######
...#........# #.#
####........# #.#


You could see 2 hounds.

Vanquished Creatures
  Menkaure (D:4)
  2 ice beasts (D:3)
  2 ogres
  A gnoll sergeant (D:2)
  A scorpion (D:3)
  2 howler monkeys (D:3)
  3 bombardier beetles
  3 hounds
  Crazy Yiuf (D:3)
  An iguana (D:4)
  A sleepcap (D:4)
  Natasha (thrice) (D:3 D:2)
  4 orc wizards
  27 gnolls
  3 adders
  A shadow imp (D:5)
  4 ribbon worms
  3 dart slugs
  23 orcs
  7 ball pythons
  6 bats
  7 endoplasms
  A giant cockroach (D:2)
  8 goblins
  7 hobgoblins
  13 jackals (D:3)
  8 kobolds
  3 quokkas
  4 frilled lizards
  3 rats
153 creatures vanquished.

Notes
Turn   | Place    | Note
-------+----------+-------------------------------------------
     0 | D:1      | SnakkuSnakku7 the Djinni Hunter began the quest for the
                  | Orb.
     0 | D:1      | Reached XP level 1. HP: 18/18 MP: 0/0
   134 | D:1      | Reached XP level 2. HP: 23/23 MP: 0/0
   241 | D:1      | Reached skill level 4 in Ranged Weapons
   241 | D:1      | Reached XP level 3. HP: 23/28 MP: 0/0
   241 | D:1      | Learned a level 1 spell: Freeze
   479 | D:1      | Found a faded altar of an unknown god.
   654 | D:2      | Identified the +2 pair of gloves "Roumposa" {rPois rC-
                  | Str+2 Int+3 SInv}
   706 | D:2      | Reached XP level 4. HP: 33/33 MP: 0/0
   923 | D:2      | Reached skill level 5 in Ranged Weapons
   923 | D:2      | Reached XP level 5. HP: 37/38 MP: 0/0
   923 | D:2      | Learned a level 2 spell: Mercury Vapours
  1050 | D:3      | Found Fesad's Jewellery Shoppe.
  1055 | D:3      | Noticed Natasha
  1061 | D:3      | Killed Natasha
  1065 | D:3      | Noticed an ogre
  1083 | D:3      | Killed an ogre
  1084 | D:3      | Reached XP level 6. HP: 43/43 MP: 0/0
  1202 | D:3      | Noticed an ice beast
  1239 | D:3      | Reached skill level 6 in Ranged Weapons
  1604 | D:3      | Noticed Natasha
  1628 | D:2      | Killed Natasha
  1697 | D:2      | Noticed Natasha
  1701 | D:2      | Killed Natasha
  1702 | D:2      | Reached XP level 7. HP: 49/49 MP: 0/0
  1702 | D:2      | Learned a level 2 spell: Momentum Strike
  1856 | D:3      | Found a runed translucent door.
  1857 | D:3      | Noticed Crazy Yiuf
  1866 | D:3      | Killed Crazy Yiuf
  1964 | D:3      | Reached skill level 7 in Ranged Weapons
  2596 | D:3      | Reached XP level 8. HP: 51/54 MP: 0/0
  2785 | D:3      | Reached skill level 8 in Ranged Weapons
  3309 | D:4      | Reached skill level 9 in Ranged Weapons
  3349 | D:4      | Noticed Menkaure
  3848 | D:4      | Killed Menkaure
  3849 | D:4      | Reached XP level 9. HP: 58/58 MP: 0/0
  3849 | D:4      | Learned a level 3 spell: Tukima's Dance
  3968 | D:4      | Found Achoazopp's Serpentskin Sales.
  4058 | D:5      | Entered Level 5 of the Dungeon
  4058 | D:5      | Found Nibuv's Antique Armour Shoppe.
  4100 | D:4      | HP: 1/58 [hound (2)]
  4103 | D:4      | Slain by a hound

Illustrated notes

Levels and vault maps discovered:
D:1:      nicolae_arrival_somewhat_less_tricky_arrival, layout_rooms,
          shapermc_ecumenical_altar_venn
D:2:      layout_basic
D:3:      lemuel_castle_with_subvaults [lemuel_castle_interior_original],
          layout_basic, serial_shops, shop_fountains,
          minmay_misc_feat_secret_circle, grunt_ministairs_10,
          nicolae_twisty_statue_hallways, uniq_natasha, uniq_crazy_yiuf_cottage
D:4:      layout_basic, guppyfry_shop_venom, uniq_menkaure
D:5:      layout_gridville, serial_shops, nicolae_stop_n_shop_1, nrook_campfire,
          kennysheep_donut

Skill      XL: |  1  2  3  4  5  6  7  8 |
---------------+-------------------------+-----
Ranged Weapons | 4 5 6 7 9 |  9.7
Fighting       | |  2.0
Dodging        | |  2.1
Stealth        | |  0.7

Action                     |  1- 3 |  4- 6 |  7- 9 || total
---------------------------+-------+-------+-------++-------
   Fire: Shortbow          |    98 |   143 |   297 ||   538
    Use: Potion            |       |       |     3 ||     3
 Armour: Leather armour    |    22 |    86 |    87 ||   195
  Dodge: Dodged            |    22 |    76 |    82 ||   180
